 Dungeon Crawl Stone Soup version 0.27.0-1-g7a089689b8 (webtiles) character file.

Game seed: 1902688558481728864

1730 ZARRMARR the Cleaver (level 9, -1/75 HPs)
             Began as a Hill Orc Monk on Aug 6, 2021.
             Slain by a hornet (10 damage)
             ... while paralysed by a hornet
             ... on level 6 of the Dungeon.
             The game lasted 00:29:13 (7328 turns).

ZARRMARR the Cleaver (Hill Orc Monk)                Turns: 7328, Time: 00:29:14

Health: -1/75      AC:  3    Str: 17    XL:     9   Next: 5%
Magic:  18/18      EV:  2    Int: 10    God:
Gold:   422        SH:  0    Dex: 13    Spells: 8/8 levels left

rFire    . . .     SeeInvis .   e - +6 executioner's axe (vamp)
rCold    + . .     Faith    .   (shield currently unavailable)
rNeg     . . .     Spirit   .   b - +0 robe
rPois    .         Reflect  .   (no helmet)
rElec    .         Harm     .   j - +0 cloak
rCorr    .         Rampage  .   (no gloves)
Will     .....                  (no boots)
Stlth    ++........             t - amulet of regeneration
HPRegen  1.22/turn              a - ring of magical power
MPRegen  0.16/turn              x - ring of protection from cold

@: paralysed, mighty, lethally poisoned (-1 -> -1), slowed
A: no striking features
a: no special abilities


You were on level 6 of the Dungeon.
You visited 1 branch of the dungeon, and saw 6 of its levels.
You also visited: Ossuary.

You collected 422 gold pieces.

Inventory:

Hand Weapons
 e - a +6 vampiric executioner's axe (weapon)
Missiles
 d - 221 stones
 v - 6 boomerangs
 y - 2 javelins (quivered)
Armour
 b - a +0 robe (worn)
 j - a +0 cloak (worn)
Jewellery
 a - a ring of magical power (left hand)
 q - a ring of magical power
 t - an amulet of regeneration (around neck)
 x - a ring of protection from cold (right hand)
Wands
 h - a wand of mindburst (24)
 m - a wand of charming (8)
 z - a wand of polymorph (10)
Scrolls
 n - 2 scrolls of fear
 o - a scroll of fog
 p - a scroll of brand weapon
 w - a scroll of teleportation {unknown}
Potions
 c - 2 potions of heal wounds {unknown}
 f - 2 potions of flight
 g - 9 potions of curing
 i - a potion of haste {unknown}
 l - 2 potions of attraction
 r - a potion of degeneration {unknown}
 s - 3 potions of lignification
 u - a potion of mutation {unknown}


   Skills:
 + Level 6.2 Fighting
 + Level 11.4 Axes
 + Level 3.5 Throwing
 + Level 3.9 Dodging
 + Level 2.8 Stealth


You had 8 spell levels left.
You didn't know any spells.
Your spell library was empty.

Dungeon Overview and Level Annotations

Branches:
Dungeon (6/15)            Ossuary (visited)
 Temple: D:4-7

Altars:
Ashenzari
Cheibriados
Hepliaklqana
Qazlal
Yredelemnul

Annotations:
D:4 3 runed translucent doors, Blork the orc; SnakkuSnakku7's ghost, weakling OgDe; hatdisgam's ghost, amateur OgAM; mimimomo's ghost, amateur GrMo; sasquatch's ghost, amateur MiBe


Message History

Press: ? - help, Q - select action, (/) - cycle Shift-Dir - straight line, f/p - hornet
Aim: a hornet (moderately wounded, 48% to hit)
You throw a javelin. The javelin pierces through the hornet.
The hornet is heavily wounded.
The hornet stings you.
You feel yourself slow down.
You closely miss the hornet.
The hornet is heavily wounded.
The hornet stings you but does no damage.
The hornet barely misses you. The hornet misses you.
You closely miss the hornet.
The hornet is heavily wounded.
You feel yourself speed up. The hornet stings you!
You feel yourself slow down. The hornet closely misses you.
The hornet stings you.
You feel as though you will be slow longer.
You miss the hornet.
The hornet is heavily wounded.
You feel yourself speed up. The hornet stings you!
You feel yourself slow down. The hornet closely misses you.
The hornet stings you!
You are poisoned.
You feel as though you will be slow longer.
You closely miss the hornet.
The hornet is heavily wounded.
You feel very sick. The hornet stings you.
You feel as though you will be slow longer.
The hornet stings you.
You feel as though you will be slow longer.
The hornet stings you but does no damage.
You feel very mighty all of a sudden.
You feel sick. The hornet barely misses you. The hornet stings you.
* * * LOW HITPOINT WARNING * * *
You suddenly lose the ability to move!
You feel sick. The hornet stings you!
* * * LOW HITPOINT WARNING * * *
You feel as though you will be slow longer.
The hornet stings you but does no damage.
You feel sick. The hornet stings you!
You die...

,* *,,,,,,,,,,,.........# ##...
,****,*,,,*****#........# ###..##
,,,**,*,*,,,***#(.......###...##
**,,,,,,***,,,,.........#...###
*****,,,,,,,***#(.......#.### ##
*<,,,,,,,*#.,* #.#.#.......#####.
*,,,,,,,,**#.###(#.#.##.##.....#.
*,,,,,,,,* #....y#.#.##.######...
*,,,,,,,,* ***#.@.>#.#..####.....
*,,,,,,>,* ##...#.#.###.......
********** #...........#..###
*****#.......###...##
********,...........##..###
*,,,,,,,,###....#.###..##
****,,,,,,,**........##..## ###
*,,,,,,,),,,..##.##..##)### #..
**,,,,,,,,,,.....,##......# ##.#


You could see a hornet.

Vanquished Creatures
  A sky beast (D:6)
  2 black bears
  2 ogres (D:5)
  A centaur (D:5)
  A phantom (D:5)
  2 bullfrogs (D:6)
  2 water moccasin zombies (D:5)
  2 scorpions (D:5)
  A wyvern skeleton (D:6)
  A water moccasin skeleton (D:5)
  A howler monkey (D:3)
  A centaur skeleton (D:5)
  A hound (D:6)
  3 bullfrog skeletons
  A jelly (D:5)
  Ijyb (D:3)
  Terence (D:2)
  2 iguanas (D:6)
  An orc wizard (D:5)
  A howler monkey zombie (D:5)
  8 mummies (Ossuary)
  4 gnolls (D:3)
  5 adders
  2 shadow imps
  A worm (D:2)
  4 dart slugs
  13 orcs
  4 endoplasms
  4 giant cockroaches
  14 goblins
  12 hobgoblins
  14 jackals
  9 kobolds
  3 quokkas
  6 ball pythons
  4 bats
  A gnoll zombie (Ossuary)
  3 hobgoblin zombies (Ossuary)
  2 kobold zombies (Ossuary)
  2 orc zombies (Ossuary)
  6 rats
149 creatures vanquished.

Vanquished Creatures (others)
  A plant (D:3)
1 creature vanquished.

Grand Total: 150 creatures vanquished

Notes
Turn   | Place    | Note
-------+----------+-------------------------------------------
     0 | D:1      | ZARRMARR the Hill Orc Monk began the quest for the Orb.
     0 | D:1      | Reached XP level 1. HP: 19/19 MP: 1/1
   268 | D:1      | Reached XP level 2. HP: 20/27 MP: 2/2
   895 | D:1      | Reached XP level 3. HP: 22/33 MP: 3/3
  1635 | D:1      | Identified a scroll of acquirement
  1635 | D:1      | Acquired a +5 vampiric executioner's axe
  1772 | D:2      | Reached skill level 5 in Axes
  1827 | D:2      | Noticed Terence
  1838 | D:2      | Killed Terence
  1839 | D:2      | Reached skill level 1 in Throwing
  1839 | D:2      | Reached XP level 4. HP: 16/40 MP: 4/4
  2006 | D:2      | Found a faded altar of an unknown god.
  2087 | D:2      | Noticed a black bear
  2095 | D:2      | Killed a black bear
  2096 | D:2      | Reached skill level 6 in Axes
  2096 | D:2      | Reached XP level 5. HP: 40/46 MP: 5/5
  3097 | D:3      | Noticed Ijyb
  3108 | D:3      | Killed Ijyb
  3109 | D:3      | Reached XP level 6. HP: 48/52 MP: 6/6
  3196 | D:3      | Reached skill level 7 in Axes
  4278 | D:4      | Found a stormy altar of Qazlal.
  4285 | D:4      | Found a hazy altar of Hepliaklqana.
  4287 | D:4      | Found a broken altar of Ashenzari.
  4288 | D:4      | Found a basalt altar of Yredelemnul.
  4311 | D:4      | Noticed Blork the orc
  4332 | D:5      | Entered Level 5 of the Dungeon
  4455 | D:5      | Reached skill level 8 in Axes
  4455 | D:5      | Reached XP level 7. HP: 5/60 MP: 7/7
  4482 | D:5      | Found a sand-covered staircase.
  4494 | D:5      | Reached skill level 5 in Fighting
  4495 | Ossuary  | Entered an ossuary
  4896 | Ossuary  | Reached skill level 9 in Axes
  5499 | D:5      | Reached XP level 8. HP: 68/68 MP: 8/8
  5681 | D:5      | Reached skill level 10 in Axes
  6179 | D:4      | Found a runed translucent gate.
  6179 | D:4      | Found a runed translucent gate.
  6179 | D:4      | Found a runed translucent gate.
  6179 | D:4      | Noticed mimimomo's ghost (amateur GrMo)
  6179 | D:4      | Noticed sasquatch's ghost (amateur MiBe)
  6180 | D:4      | Noticed SnakkuSnakku7's ghost (weakling OgDe)
  6180 | D:4      | Noticed hatdisgam's ghost (amateur OgAM)
  6392 | D:6      | Reached skill level 11 in Axes
  6413 | D:6      | Reached XP level 9. HP: 75/75 MP: 9/9
  6448 | D:6      | Found a snail-covered altar of Cheibriados.
  6726 | D:6      | Noticed a hornet
  7257 | D:6      | Found a snail-covered altar of Cheibriados.
  7326 | D:6      | Paralysed by a hornet for 3 turns
  7328 | D:6      | Slain by a hornet

Illustrated notes

Levels and vault maps discovered:
D:1:      lightli_molten_gateway, layout_loops_ring,
          chequers_serial_rivers_small_b, amcnicky_mini_corridor_feature,
          kennysheep_flooded_box, minmay_indecisive_spiral
D:2:      layout_basic, hellmonk_ecumenical_altar_blasted,
          guppyfry_early_orc_mine, uniq_terence
D:3:      layout_basic, chequers_serial_rivers_micro_d, serial_bayou_pond_a,
          uniq_ijyb
D:4:      layout_layer_cave, mainiacjoe_overflow_alcove_3,
          minmay_temple_entry_offerings, gammafunk_ghost_cemetery,
          uniq_blork_the_orc, uniq_sigmund
D:5:      layout_loops_ring, enter_ossuary_3, hangedman_decor_growths,
          minmay_starry_boxes
D:6:      layout_rooms, kennysheep_slug_shrine

Skill      XL: |  1  2  3  4  5  6  7  8 |
---------------+-------------------------+-----
Axes           | 5 6 8 9 11 | 11.4
Throwing       | 1 2 3 |  3.5
Fighting       | 4 5 6 |  6.2
Dodging        | 3 |  3.9
Stealth        | 2 |  2.8

Action                   |  1- 3 |  4- 6 |  7- 9 || total
-------------------------+-------+-------+-------++-------
Melee: Hand axe          |    77 |       |       ||    77
       Executioner's axe |    20 |   125 |   112 ||   257
Throw: Stone             |    88 |    39 |    93 ||   220
       Boomerang         |       |       |    20 ||    20
       Javelin           |       |       |     3 ||     3
  Use: Scroll            |     2 |     6 |     5 ||    13
       Potion            |       |     5 |     1 ||     6
 Stab: Sleeping          |     2 |     3 |     4 ||     9
Armor: Robe              |    25 |    37 |    17 ||    79
Dodge: Dodged            |    77 |    94 |    84 ||   255
